 Dungeon Crawl Stone Soup version 0.19.5 (webtiles) character file.

18 tidbits the Cutter (level 2, -3/17 HPs)
             Began as a High Elf Wanderer on Oct 29, 2017.
             Slain by Natasha (7 damage)
             ... on level 2 of the Dungeon.
             The game lasted 00:02:15 (247 turns).

tidbits the Cutter (High Elf Wanderer)               Turns: 247, Time: 00:02:16

Health: -3/17      AC:  2    Str:  9    XL:     2   Next: 51%
Magic:  6/6        EV: 12    Int: 15    God:
Gold:   22         SH:  0    Dex: 16    Spells: 0 memorised, 6 levels left

rFire  . . .     SeeInvis .     a - +2 dagger
rCold  . . .     Gourm    .     f - +0 robe
rNeg   . . .     Faith    .     (no shield)
rPois  .         Spirit   .     (no helmet)
rElec  .         Reflect  .     (no cloak)
rCorr  .         Harm     .     (no gloves)
MR     .....                    (no boots)
Stlth  ++........               (no amulet)
                                (no ring)
                                L - ring of flight

@: no status effects
A: no striking features
a: Evoke Flight


You were on level 2 of the Dungeon.
You were not hungry.

You visited 1 branch of the dungeon, and saw 2 of its levels.

You collected 22 gold pieces.

Inventory:

Hand Weapons
 a - a +2 dagger (weapon)
 g - a +0 blowgun
Missiles
 d - 4 poisoned needles
 h - 2 stones (quivered)
 n - 16 sling bullets
Armour
 f - a +0 robe (worn)
Jewellery
 L - a ring of flight (left hand)
   (You found it on level 2 of the Dungeon)
Scrolls
 i - a scroll of remove curse {unknown}
 j - a scroll of enchant weapon {unknown}
 k - 2 scrolls of enchant armour {unknown}
Potions
 b - a potion of berserk rage
 c - a potion of lignification
 m - a potion of cancellation
 o - a potion of degeneration {unknown}
Comestibles
 e - a bread ration


   Skills:
 + Level 2.8 Short Blades
 + Level 1.2 Throwing
 + Level 1.5 Dodging
 + Level 1.5 Stealth
 + Level 2.8 Spellcasting
   Level 2.4 Charms
   Level 1.2 Air Magic


You had 6 spell levels left.
You didn't know any spells.

Dungeon Overview and Level Annotations

Branches:
Dungeon (2/15)

Altars:

Annotations:
D:2 Natasha


Message History

You feel sick.
Firing (i - inventory. (,) - cycle):
d - 14 poisoned needles (quivered)
Press: ? - help, Shift-Dir - straight line, f - rat
Aim: a rat You shoot a poisoned needle.
The poisoned needle hits the rat.
The rat is poisoned.
Firing (i - inventory. (,) - cycle):
d - 13 poisoned needles (quivered)
Press: ? - help, Shift-Dir - straight line, f/p - rat
Aim: a rat (moderately wounded, poisoned)
You shoot a poisoned needle.
The poisoned needle barely misses the rat.
Firing (i - inventory. (,) - cycle):
d - 12 poisoned needles (quivered)
Press: ? - help, Shift-Dir - straight line, f/p - rat
Aim: a rat (moderately wounded, poisoned)
You shoot a poisoned needle. The poisoned needle hits the rat.
The rat looks even sicker.
The rat is moderately wounded.
You kill the rat!
You feel sick.
Natasha, Servant of Life and Death comes into view.
Things that are here:
a poisoned needle; a rat corpse
d - 12 poisoned needles (gained 1) Natasha hisses angrily.
Natasha stares at you and mumbles some strange words.
The magic dart hits you!
Firing (i - inventory. (,) - cycle):
d - 12 poisoned needles (quivered)
Press: ? - help, Shift-Dir - straight line, f - Natasha
Aim: Natasha You shoot a poisoned needle.
The poisoned needle barely misses Natasha.
Natasha stares at you and mumbles some strange words.
You resist with significant effort.
A bat comes into view.
Firing (i - inventory. (,) - cycle):
d - 11 poisoned needles (quivered)
Press: ? - help, Shift-Dir - straight line, f/p - Natasha
Aim: Natasha You shoot a poisoned needle.
The poisoned needle closely misses Natasha.
Firing (i - inventory. (,) - cycle):
d - 10 poisoned needles (quivered)
Press: ? - help, Shift-Dir - straight line, f/p - Natasha
Aim: Natasha You shoot a poisoned needle.
The poisoned needle hits Natasha.
Natasha is poisoned.
You feel sick. The bat barely misses you.
Firing (i - inventory. (,) - cycle):
d - 9 poisoned needles (quivered)
Press: ? - help, Shift-Dir - straight line, f/p - Natasha
Aim: Natasha (poisoned)
You shoot a poisoned needle. The poisoned needle misses the bat.
The poisoned needle closely misses Natasha.
The bat hits you but does no damage.
Natasha casts a spell.
Firing (i - inventory. (,) - cycle):
d - 8 poisoned needles (quivered)
Press: ? - help, Shift-Dir - straight line, f/p - Natasha
Aim: Natasha (poisoned)
You shoot a poisoned needle. The poisoned needle hits Natasha.
Natasha looks even sicker.
The bat hits you but does no damage.
Firing (i - inventory. (,) - cycle):
d - 7 poisoned needles (quivered)
Press: ? - help, Shift-Dir - straight line, f/p - Natasha
Aim: Natasha (poisoned)
You shoot a poisoned needle.
The poisoned needle barely misses Natasha.
The bat barely misses you.
Firing (i - inventory. (,) - cycle):
d - 6 poisoned needles (quivered)
Press: ? - help, Shift-Dir - straight line, f/p - Natasha
Aim: Natasha (lightly wounded, poisoned)
You shoot a poisoned needle. The poisoned needle hits Natasha.
Natasha looks even sicker.
Natasha is lightly wounded.
You feel sick.
You are no longer poisoned.
The bat misses you. The crimson imp puffs mist at you.
The crimson imp blinks!
Firing (i - inventory. (,) - cycle):
d - 5 poisoned needles (quivered)
Press: ? - help, Shift-Dir - straight line, f/p - Natasha
Aim: Natasha (moderately wounded, poisoned)
You shoot a poisoned needle.
The poisoned needle closely misses Natasha.
The bat hits you but does no damage.
Wield which item (- for none, * to show all)? (? for menu, Esc to quit)
a - a +2 dagger (weapon)
The bat misses you. Natasha closely misses you.
You hit Natasha but do no damage.
Natasha is heavily wounded.
The bat misses you. Natasha closely misses you.
You hit Natasha but do no damage.
Natasha is heavily wounded.
The bat misses you. Natasha closely misses you.
You barely miss Natasha.
Natasha is heavily wounded.
The bat hits you but does no damage.
You hit Natasha.
Natasha is heavily wounded.
The bat hits you but does no damage. Natasha claws you!
* * * LOW HITPOINT WARNING * * *
The crimson imp blinks!
You closely miss Natasha.
Natasha is severely wounded.
The bat closely misses you. Natasha claws you!
You die...

#..... . #..... ##.
#..... #.. #####.....
#.# ##......... .
#.######.....#####
...####..5..........†...
....§.........##########
.(((((h@.######
(###$[b### #.(. ...##
##.. #. #


You could see Natasha, a crimson imp and a bat.

Vanquished Creatures
  An adder (D:2)
  A dart slug (D:1)
  A bat (D:1)
  A goblin (D:2)
  A kobold (D:1)
  4 rats
9 creatures vanquished.

Notes
Turn   | Place    | Note
-------+----------+-------------------------------------------
     0 | D:1      | tidbits the High Elf Wanderer began the quest for the Orb.
     0 | D:1      | tidbits set off with: a +2 dagger, a potion of berserk rage, a potion of lignification, 15 poisoned needles, a +0 blowgun, a +0 robe, a bread ration
     0 | D:1      | Reached XP level 1. HP: 11/11 MP: 4/4
   141 | D:2      | Reached XP level 2. HP: 17/17 MP: 6/6
   232 | D:2      | Noticed Natasha
   238 | D:2      | Noticed a crimson imp
   247 | D:2      | Slain by Natasha

Action                   || total
-------------------------++-------
Melee: Dagger            ||    12
 Fire: Blowgun           ||    27
  Use: Potion            ||     2
Armor: Robe              ||     5
Dodge: Dodged            ||    14

Table legend:
 A = Turns spent in this place as a percentage of turns spent in the entire game.
 B = Non-inter-level travel turns spent in this place as a percentage of non-inter-level travel turns spent in the entire game.
 C = Inter-level travel turns spent in this place as a percentage of turns spent in this place.
 D = Turns resting spent in this place as a percentage of non-inter-level travel turns spent in this place.
 E = Turns spent auto-exploring this place as a percentage of non-inter-level travel turns spent in this place.
 F = Non-inter-level travel turns spent in this place divided by the number of levels of this place that you've seen.
                   A       B       C       D       E      F
               +-------+-------+-------+-------+-------+----------------------
         Total | 100.0 | 100.0 |   0.0 |   0.0 |   0.0 | 109.0
       Dungeon | 100.0 | 100.0 |   0.0 |   0.0 |   0.0 | 109.0
               +-------+-------+-------+-------+-------+----------------------

Table legend:
 A = Kills in this place as a percentage of kills in entire the game.
 B = Kills by you in this place as a percentage of kills by you in the entire game.
 C = Kills by friends in this place as a percentage of kills by friends in the entire game.
 D = Other kills in this place as a percentage of other kills in the entire game.
 E = Experience gained in this place as a percentage of experience gained in the entire game.
 F = Experience gained in this place divided by the number of levels of this place that you have seen.
                   A       B       C       D       E      F
               +-------+-------+-------+-------+-------+----------------------
         Total | 100.0 | 100.0 |  -nan |  -nan | 100.0 |  13.5
       Dungeon | 100.0 | 100.0 |  -nan |  -nan | 100.0 |  13.5
               +-------+-------+-------+-------+-------+----------------------

Vault maps used:
D:1:      noname_arrival_rooms_in_the_neighbourhood, minmay_split_cup_small
D:2:      minmay_pentomino_p2, uniq_natasha, uniq_terence,
          uniq_crazy_yiuf_cottage
